Sonja, lawful female dwarven Valkyrie ----- --------- |<..--- ------.......-- ----- --------------- |.....---|.........--..| ... |.............| --..|....|.---------|..| ._. --|---+--.----+- --.|-.....---- ---- . ------ ---- |..| --.| --|.........|--- ----- -|- |....| |..---|..|--+-..--- ----.|....|..----...-- |.| |..|.| ---+-.....-.--........--+- -----..|....|....a---- |.| |..|.|-----......--................| ------ |..|....@....a@a.---.-- ---|....||.......-|..--------|--..-- |....| --......---..aaa......---- |.|..||...{.... |..%......|..-- |....| |........|...|...........---|.|..|--....... |%?!.!*!(%|...| ---|--------....-------...---......-|.|------....--- -----------...| ------.---...-|...-- |..| ...|..---...|.--..|...|....| |.......-- |..|-.........|..--- |..| ....|-....|........---...- |.------- |..-...............-+---.- -..-|..........--....|-... |.|...| -----.....{....----........ ...G|...`.......|-...|...- |.|...| |..............-- --+--%------ --.........--..|........| |.--|------- |.-----.........| |.|.(((| --.......-----|...|....|--------.....|....| |...| --..------- |.-.(((| ---...--- --..|...--......|...{.....-.| |...| ---- --|.(((| ----- -----.....----........|..|(| ----- ------ ------- --------------- Sonja the Fighter Experience level: 6 Strength: 5 Dexterity: 14 Constitution: 19 Intelligence: 7 Wisdom: 9 Charisma: 7 Health: 10(75) Energy: 4(4) Def: 4 Gold: 135 Moves: 2978 Dungeon seed: UFaPwTZUhWHOZmk1 Game ID: Sonja_1460224608 Your Inventory: Coins $ - 135 gold pieces Weapons a - a rusty corroded +1 long sword (weapon in hand) b - a +0 dagger j - a +0 orcish dagger Armor e - an uncursed +3 small shield (being worn) n - an uncursed +1 pair of gauntlets of power Comestibles s - a cursed tin of little dog meat t - an uncursed food ration u - an uncursed cram ration v - 2 uncursed apples Scrolls h - an uncursed scroll of remove curse k - an uncursed scroll of amnesia Potions f - an uncursed potion of confusion i - a blessed potion of sickness Rings o - an uncursed +1 ring of adornment Wands d - a wand of wishing (0:3) Tools g - an uncursed blindfold l - an uncursed blindfold m - an uncursed bag of holding Gems q - 2 uncursed worthless pieces of orange glass r - an uncursed emerald y - an uncursed worthless piece of yellow glass z - an uncursed worthless piece of black glass N - an uncursed worthless piece of blue glass Spells and supernatural/magical abilities: Name Level Category Fail Memory W - pray for help -- divine ? -- Your skills at the end: Fighting Skills Weapon Skills dagger [Basic] long sword [Basic] Spellcasting Skills Final Attributes: You were piously aligned. You were cold resistant. You had infravision. You were stealthy. You were unlucky. Tyr was angry with you. You are dead (5th time!). Vanquished creatures: a giant mimic a small mimic a kitten a homunculus an orc zombie a dwarf zombie a wererat 2 iguanas 4 killer bees 2 acid blobs 4 giant rats a brown mold 3 yellow molds a red mold 2 gnomes a gnome zombie a gecko 5 jackals 2 kobolds 2 goblins 3 grid bugs 5 lichens 3 kobold zombies 5 newts 53 creatures vanquished. Voluntary challenges: You had been an atheist until turn 1950. You used a wielded weapon 66 times, starting on turn 79. You were illiterate. You never genocided any monsters. You never polymorphed an object. You never changed form. You used no wishes. You never split a pudding. You never wrote Elbereth's name. You never violated your personal moral code. Dungeon overview: The Dungeons of Doom: levels 1 to 3 Level 1 an altar to Odin, a sink a long staircase Level 2 some fountains Level 3 stairs to The Gnomish Mines The Gnomish Mines: levels 4 to 6 Level 4 stairs to The Dungeons of Doom Level 5 Level 6 <- You were here some shops, a temple to Tyr, some fountains History has recorded: On T:1 you entered the Dungeons of Doom to retrieve the Amulet of Yendor! On T:520 you reached level 2 of The Dungeons of Doom. On T:801 you advanced to experience level 2. On T:1101 you reached level 3 of The Dungeons of Doom. On T:1209 you advanced to experience level 3. On T:1540 you reached level 1 of The Gnomish Mines. On T:1925 you advanced to experience level 4. On T:1988 you reached level 2 of The Gnomish Mines. On T:2200 you reached level 3 of The Gnomish Mines. On T:2465 you advanced to experience level 5. On T:2940 you advanced to experience level 6. On T:2954 you were saved from death by your wizard powers! On T:2965 you were saved from death by your wizard powers! On T:2972 you were saved from death by your wizard powers! On T:2975 you were saved from death by your wizard powers! Score breakdown: Gold: 135 ( 7257 points) Experience: 6 levels (12456 points) Exploration: 6 levels ( 12.77%) ( 9890 points) Discoveries: 1 item ( 0.41%) ( 1916 points) Valuables value: (no points given unless you survive) Artifact value: 0 ( 0 points) Variety of kills: 24 monsters ( 6.30%) ( 7529 points) Turncount: 2978 turns ( -589 points) Survival: died (score multiplied by 80%) Total score: 30767 Latest messages: You miss the killer bee. The killer bee stings! (9x) The killer bee misses. The killer bee stings! (2x) The killer bee's sting was poisoned! The poison was deadly... The bag of holding is empty. The bag of holding is empty. Final status: Farvel Sonja the Valkyrie, poisoned by a killer bee... You were poisoned in The Gnomish Mines on dungeon level 6 with 30767 points, and 135 pieces of gold, after 2978 moves. You were level 6 with a maximum of 75 hit points when you were poisoned.